 Dungeon Sprint DCSS version 0.25.1-2-g60ff931df9 (webtiles) character file.

Game seed: 4700707200083317875

2322 Groucho the Unseen (level 9, 0/39 HPs)
             Began as a Spriggan Enchanter on Oct 28, 2020.
             Shot with a bolt by a yaktaur (16 damage)
             ... in the Dungeon (Sprint II: "The Violet Keep of Menkaure").
             The game lasted 00:07:04 (842 turns).

Groucho the Unseen (Spriggan Enchanter)              Turns: 842, Time: 00:07:05

Health: 0/39       AC:  5    Str:  7    XL:     9   Next: 19%
Magic:  17/25      EV: 28    Int: 21    God:
Gold:   708        SH:  0    Dex: 16    Spells: 22/31 levels left

rFire    . . .     SeeInvis +   a - +1 dagger
rCold    . . .     Gourm    .   (shield restricted)
rNeg     . . .     Faith    .   c - +1 robe
rPois    .         Spirit   .   (helmet restricted)
rElec    .         Reflect  .   f - +1 cloak "Jacsoerapp" {Int+4}
rCorr    .         Harm     .   (gloves unavailable)
MR       +....     NoTele   +   (boots unavailable)
Stlth    ++++++....             (no amulet)
HPRegen  0.13/turn              (no ring)
MPRegen  0.19/turn              (no ring)

@: very slightly contaminated, very quick
A: very small, unfitting armour, see invisible, herbivore, speed 3, slow
metabolism 2
a: no special abilities


You were in the Dungeon.
You were not hungry.

You visited 1 branch You collected 972 gold pieces.
You spent 264 gold pieces at shops.

Inventory:

Hand Weapons
 a - a +1 dagger (weapon)
Armour
 c - a +1 robe (worn)
 f - the +1 cloak "Jacsoerapp" (worn) {Int+4}
   (You bought it in a shop in the Dungeon)

   It affects your intelligence (+4).
Potions
 h - 2 potions of magic
Comestibles
 d - a ration


   Skills:
 + Level 9.6 Short Blades
 + Level 12.3 Dodging
 - Level 15.0 Stealth
 + Level 11.9 Spellcasting
 + Level 12.3 Hexes


You had 22 spell levels left.
You knew the following spells:

 Your Spells              Type           Power        Failure   Level  Hunger
a - Corona                Hex            ######.      1%          1    None
b - Ensorcelled Hibernat  Hex/Ice        #####.       1%          2    None
c - Tukima's Dance        Hex            ######..     1%          3    None
d - Dazzling Flash        Conj/Hex       #####.       1%          3    None

Your spell library contained the following spells:

 Spells                   Type           Power        Failure   Level  Hunger
 Confusing Touch          Hex            ######..     1%          3    None


Dungeon Overview and Level Annotations

Branches:
Dungeon (1/1)

Altars:
Dithmenos
Elyvilon
Fedhas
Gozag
Kikubaaqudgha
Makhleb
Nemelex Xobeh
Okawaru
Ru
Sif Muna
Trog
Uskayaw
Vehumet
Wu Jian
Xom
Yredelemnul
Zin
The Shining One
Lugonu

Shops:
D }(:%[![==[%(:[!?

Annotations:
D exclusion: oklob plant


Innate Abilities, Weirdness & Mutations

You are very small and have problems with some larger weapons.
You are too small for most types of armour.
You have supernaturally acute eyesight. (SInv)
You are a herbivore.
You cover ground extremely quickly.
You need to consume almost no food.


Message History

You hit the polar bear but do no damage.
The polar bear is almost dead.
The polar bear is no longer blind.
The polar bear barely misses you. The polar bear misses you.
The polar bear completely misses you.
You hit the polar bear.
The polar bear is almost dead.
The polar bear completely misses you. x2; The polar bear claws you.
Casting: Dazzling Flash (safe; 1% risk of failure)
Confirm with . or Enter, or press ? or * to list all spells.
The polar bear is dazzled.
The yaktaur is dazzled.
The polar bear closely misses you. x2; The polar bear completely misses you.
The yaktaur shoots a bolt.
The bolt barely misses the polar bear.
The bolt closely misses you.
You hear a splash.
The polar bear completely misses you. The polar bear misses you. x2
You barely miss the polar bear.
The polar bear is almost dead.
The yaktaur shoots a bolt.
The bolt barely misses the polar bear.
The bolt hits you!
You die...

+# .. #.##.#### ##.#
...# ### #.####..## ##$#
'###.##..# + #.c#
.##...#..# #. #..#
<.'###'..####.^##h#
.##...#....###..@##▓
'###.##......≈≈≈(≈≈≈≈≈≈≈
#.####≈≈.....≈#+########
##.#≈≈≈≈≈≈≈..≈#_._._...#
..##≈≈≈≈§≈≈≈.≈#._._._._#
+##≈≈≈§§§≈§≈≈≈#_._._._.#
≈≈≈≈≈≈§≈≈≈≈≈≈#._._._._#
+++#≈≈≈≈≈§§§≈#.._._._.#
##≈§§###§§#..._.


You could see a polar bear (berserk, blind) and a yaktaur (blind).

Vanquished Creatures
  A merfolk siren (D)
  2 polar bears (D)
  A hornet (D)
  2 tyrant leeches (D)
  2 hippogriffs (D)
  4 neqoxecs (D)
  Menkaure (D)
13 creatures vanquished.

Vanquished Creatures (others)
  A crocodile (D)
1 creature vanquished.

Grand Total: 14 creatures vanquished

Notes
Turn   | Place    | Note
-------+----------+-------------------------------------------
     0 | D        | Groucho the Spriggan Enchanter began the quest for the Orb.
     0 | D        | Reached XP level 1. HP: 9/9 MP: 5/5
     1 | D        | Noticed a merfolk siren
     5 | D        | Noticed a tyrant leech
     5 | D        | Noticed a tyrant leech
     8 | D        | Noticed a neqoxec
    12 | D        | Noticed a hippogriff
    12 | D        | Noticed a hippogriff
    20 | D        | Killed a hippogriff
    20 | D        | Reached skill level 10 in Stealth
    20 | D        | Reached skill level 5 in Spellcasting
    20 | D        | Reached XP level 2. HP: 11/13 MP: 5/9
    20 | D        | Reached XP level 3. HP: 14/16 MP: 6/11
    20 | D        | Reached XP level 4. HP: 18/21 MP: 6/12
    20 | D        | Reached XP level 5. HP: 21/24 MP: 7/14
    27 | D        | Killed a hippogriff
    27 | D        | Reached skill level 12 in Stealth
    27 | D        | Reached XP level 6. HP: 21/28 MP: 7/17
   273 | D        | Learned a level 2 spell: Ensorcelled Hibernation
   277 | D        | Learned a level 3 spell: Tukima's Dance
   281 | D        | Learned a level 3 spell: Dazzling Flash
   297 | D        | Killed a neqoxec
   297 | D        | Reached skill level 13 in Stealth
   298 | D        | Noticed a neqoxec
   299 | D        | Killed a neqoxec
   299 | D        | Reached skill level 14 in Stealth
   299 | D        | Reached XP level 7. HP: 32/32 MP: 17/19
   300 | D        | Noticed a neqoxec
   300 | D        | Noticed a neqoxec
   302 | D        | Killed a neqoxec
   302 | D        | Reached skill level 15 in Stealth
   304 | D        | Killed a neqoxec
   304 | D        | Reached skill level 10 in Hexes
   318 | D        | Killed a merfolk siren
   318 | D        | Reached skill level 10 in Dodging
   318 | D        | Reached skill level 10 in Spellcasting
   318 | D        | Reached XP level 8. HP: 36/36 MP: 18/23
   334 | D        | Killed a tyrant leech
   337 | D        | Killed a tyrant leech
   359 | D        | Found Tyony's Antique Armour Shoppe.
   359 | D        | Found Kujoich's Distillery.
   359 | D        | Found Imev's Antique Weapon Emporium.
   359 | D        | Found Sulif's Book Emporium.
   359 | D        | Found Iriy's Antique Armour Shoppe.
   359 | D        | Found Plog's Food Shoppe.
   360 | D        | Found Niuv's Jewellery Shoppe.
   360 | D        | Found Nopt's Jewellery Emporium.
   361 | D        | Found Lelic's Antique Armour Shoppe.
   361 | D        | Found Zuqiq's Distillery.
   362 | D        | Found Yfihod's Magic Scroll Emporium.
   362 | D        | Noticed Menkaure
   415 | D        | Killed Menkaure
   418 | D        | Found Etreinem's Armour Shoppe.
   418 | D        | Found Roigup's Food Emporium.
   418 | D        | Noticed a fire dragon
   418 | D        | Noticed an oklob plant
   419 | D        | Found Amocw's Weapon Shoppe.
   419 | D        | Found Conaum's Gadget Emporium.
   419 | D        | Found Jemm's Book Shoppe.
   437 | D        | Noticed a polar bear
   451 | D        | Noticed a polar bear
   453 | D        | Noticed a flying skull
   453 | D        | Noticed a flying skull
   455 | D        | Noticed a flying skull
   467 | D        | Bought an embroidered robe for 74 gold pieces
   467 | D        | Bought a faintly glowing cloak for 190 gold pieces
   482 | D        | Identified the +1 cloak "Jacsoerapp" {Int+4} (You bought it
                  | in a shop in the Dungeon)
   817 | D        | Found an iron altar of Okawaru.
   817 | D        | Found an opulent altar of Gozag.
   818 | D        | Found a sparkling altar of Nemelex Xobeh.
   818 | D        | Found a blossoming altar of Fedhas.
   819 | D        | Found a radiant altar of Vehumet.
   819 | D        | Found a burning altar of Makhleb.
   819 | D        | Found a white marble altar of Elyvilon.
   820 | D        | Found a hide-covered altar of Uskayaw.
   820 | D        | Found a corrupted altar of Lugonu.
   820 | D        | Found a shadowy altar of Dithmenos.
   821 | D        | Found a glowing silver altar of Zin.
   821 | D        | Found a bloodstained altar of Trog.
   821 | D        | Found an ancient bone altar of Kikubaaqudgha.
   822 | D        | Noticed a yaktaur
   822 | D        | Noticed a polar bear
   822 | D        | Noticed a hornet
   822 | D        | Noticed a polar bear
   822 | D        | Noticed a polar bear
   823 | D        | Killed a polar bear
   824 | D        | Killed a polar bear
   824 | D        | Reached XP level 9. HP: 39/39 MP: 25/25
   827 | D        | Found a basalt altar of Yredelemnul.
   827 | D        | Found a glowing golden altar of the Shining One.
   827 | D        | Found a shimmering altar of Xom.
   827 | D        | Found a shimmering blue altar of Sif Muna.
   827 | D        | Found an ornate altar of the Wu Jian Council.
   827 | D        | Found a sacrificial altar of Ru.
   842 | D        | Shot with a bolt by a yaktaur

Illustrated notes

Levels and vault maps discovered:
D:        the_violet_keep_of_menkaure [sprint2_stairs_cluster_1,
          sprint2_shoproom, sprint2_temple, sprint2_basic_supplies,
          sprint2_obstacle_6, sprint2_obstacle_2, sprint2_obstacle_7,
          sprint2_obstacle_1, sprint2_obstacle_3, sprint2_timed_cluster_1,
          sprint2_smallroom_cluster_1, sprint2_smallroom_final_cluster_1,
          sprint2_transparent_cluster_1, sprint2_second_timed_cluster_1,
          sprint2_sniper_area_1, sprint2_heavy_combat_area_1,
          sprint2_mutation_trap_area_1, sprint2_forest_area_1,
          sprint2_light_combat_area_1, sprint2_behind_water_1,
          sprint2_near_end_vault_1]

Skill      XL: |  1  2  3  4  5  6  7  8 |
---------------+-------------------------+-----
Short Blades   | 4 6 7 9 |  9.6
Dodging        | 6 8 9 10 12 | 12.3
Stealth        | 10 12 14 15 | 15.0
Spellcasting   | 5 7 8 10 11 | 11.9
Hexes          | 6 7 8 10 12 | 12.3

Action                   |  1- 3 |  4- 6 |  7- 9 || total
-------------------------+-------+-------+-------++-------
Melee: Dagger            |     7 |     9 |    44 ||    60
 Cast: Ensorcelled Hiber |       |       |     5 ||     5
       Dazzling Flash    |       |       |     2 ||     2
  Use: Potion            |     1 |       |     3 ||     4
       Scroll            |       |       |     1 ||     1
 Stab: Sleeping          |       |     2 |     8 ||    10
       Invisible         |       |       |     1 ||     1
Dodge: Dodged            |     7 |     7 |    33 ||    47
